 Dungeon Crawl Stone Soup version 0.16.1 (webtiles) character file.

27 maniek23 the Ruffian (level 2, -2/23 HPs)
             Began as a Draconian Transmuter on Mar 23, 2015.
             Slain by an adder (3 damage)
             ... on level 2 of the Dungeon.
             The game lasted 00:03:44 (914 turns).

maniek23 the Ruffian (Draconian Transmuter)          Turns: 914, Time: 00:03:44

Health: -2/23      AC:  4    Str: 12    XL:     2   Next: 93%
Magic:  4/4        EV: 12    Int: 13    God:
Gold:   83         SH:  0    Dex: 11    Spells: 2 memorised, 2 levels left

rFire  + . .     SeeInvis .     a - +1 short sword (holy)
rCold  + + .     Clarity  .     (armour unavailable)
rNeg   . . .     SustAb   .     (no shield)
rPois  +         Gourm    .     (helmet restricted)
rElec  +         Spirit   .     (no cloak)
rCorr  +         Warding  .     (no gloves)
rMut   +         Stasis   .     (no boots)
MR     .....                    p - amulet of resist mutation
Stlth  +.........               (no ring)
                                g - ring of protection from cold

@: lethally poisoned (-2 -> -8), appendage (expiring), resistant, not resistant
to hostile enchantments, very unstealthy
A: unfitting armour, horns 2, cold-blooded, AC +4
a: End Transformation


You were on level 2 of the Dungeon.
You were not hungry.
You had grown temporary horns.
You visited 1 branch of the dungeon, and saw 2 of its levels.

You collected 83 gold pieces.

Inventory:

Hand weapons
 a - a +1 short sword of holy wrath (weapon)
 c - a +0 spear
Missiles
 b - 12 arrows
Jewellery
 g - a ring of protection from cold (left hand)
 p - an amulet of resist mutation (around neck)
Scrolls
 e - 2 scrolls of identify {unknown}
 h - a scroll of recharging {unknown}
 j - 2 scrolls of enchant weapon {unknown}
 n - a scroll of remove curse {unknown}
Potions
 l - a potion of poison {unknown}
 m - a potion of magic {unknown}
Books
 d - a book of Changes

   Spells                             Type                      Level
   a - Beastly Appendage              Transmutation                1
   b - Sticks to Snakes               Transmutation                2
   c - Spider Form                    Transmutation/Poison         3
   d - Ice Form                       Ice/Transmutation            4
   e - Blade Hands                    Transmutation                5
Comestibles
 f - 2 chunks of flesh
 k - 2 bread rations
 o - a slice of pizza


   Skills:
 + Level 1.1 Fighting
 + Level 0.2 Polearms
 + Level 2.2 Dodging
 * Level 3.6 Unarmed Combat
 + Level 2.1 Spellcasting
 + Level 2.1 Transmutations


You had 2 spell levels left.
You knew the following spells:

 Your Spells              Type           Power        Failure   Level  Hunger
a - Beastly Appendage     Trmt           #.....       12%         1    ##.....
b - Sticks to Snakes      Trmt           #.........   17%         2    ###....


Dungeon Overview and Level Annotations

Branches:
Dungeon (2/15)

Altars:


Innate Abilities, Weirdness & Mutations

Your plain brown scales are hard (AC +4).
Your body does not fit into most forms of armour.
Your cold-blooded metabolism reacts poorly to cold.
You have a pair of horns on your head.


Message History

You miss the adder.
Your transformation is almost over.
The adder completely misses you.
You miss the adder. The adder bites you.
* * * LOW HITPOINT WARNING * * *
You are poisoned.
The adder poisons you! The adder bites you.
* * * LOW HITPOINT WARNING * * *
You are more poisoned.
The adder poisons you!
* * * LOW HITPOINT WARNING * * *
You feel sick.
* * * LOW HITPOINT WARNING * * *
You feel sick. The adder bites you but does no damage.
Drink which item? (? for menu, Esc to quit)
It was a potion of resistance.
You feel protected. The adder bites you.
You die...

##################...)...
......................รท..
..........#######........
+.........))....>.(....###
#........).########..#.##
#..........#########.#..#
#######............#..#.##
#............#..#.>#
#..@S........#...#.#
#########.######.####.#.#[.
#..)...#......# #......
#.####.#......# ###.##. #.#
#.#......# #.##. #.#
#.<......# #.#..
#.######......# #...#
#.........##### ##..#
########### #..#


You could see an adder.

Vanquished Creatures
  2 bats (D:1)
  A giant cockroach (D:1)
  5 hobgoblins
  3 jackals (D:1)
  A giant newt (D:1)
  4 goblins
  3 kobolds (D:1)
  5 rats
24 creatures vanquished.

Notes
Turn   | Place    | Note
--------------------------------------------------------------
     0 | D:1      | maniek23, the Draconian Transmuter, began the quest for the Orb.
     0 | D:1      | Reached XP level 1. HP: 16/16 MP: 3/3
   421 | D:1      | Reached XP level 2. HP: 14/23 MP: 2/4
   849 | D:2      | Learned a level 2 spell: Sticks to Snakes
   912 | D:2      | HP: 1/23 [poisoned by an adder]
   914 | D:2      | Slain by an adder

Action                   || total
-------------------------++-------
Melee: Spear             ||    88
       Short sword       ||    37
 Cast: Beastly Appendage ||     4
  Use: Potion            ||     1
